 Dungeon Crawl Stone Soup version 0.29-a0-557-g43b9904bd1 (console) character file.

Game seed: 8426123644453091750

5 jejorda2 the Insei (level 1, 0/17 HPs)
             Began as a Gnoll Transmuter on June 8, 2022.
             Slain by a ball python (3 damage)
             ... on level 1 of the Dungeon.
             The game lasted 00:01:14 (98 turns).

jejorda2 the Insei (Gnoll Transmuter)                 Turns: 98, Time: 00:01:15

Health: 0/17       AC:  3    Str:  9    XL:     1   Next: 80%
Magic:  5/6        EV:  9    Int: 12    God:
Gold:   0          SH:  0    Dex: 12    Spells: 8/9 levels left

rFire   . . .      SeeInvis .     - Unarmed
rCold   . . .      Faith    .   (no shield)
rNeg    . . .      Spirit   .   c - +0 leather armour
rPois   .          Reflect  .   (helmet currently unavailable)
rElec   .          Harm     .   (no cloak)
rCorr   .          Rampage  .   (no gloves)
Will    .....                   (boots currently unavailable)
Stlth   +.........              (no amulet)
HPRegen 0.05/turn               (no ring)
MPRegen 0.10/turn               (no ring)

@: lethally poisoned (0 -> -3), appendages (expiring), constricted
A: horns 2, talons 2, fangs 1, strong nose, distributed training
a: End Transformation


You were on level 1 of the Dungeon.
You had temporarily grown beastly horns and talons.
You visited 1 branch of the dungeon, and saw 1 of its levels.

Inventory:

Armour
 c - a +0 leather armour (worn)
Potions
 b - a potion of lignification


   Skills:
 + Level 2.4 Fighting
 + Level 0.1 Short Blades
 + Level 0.1 Long Blades
 + Level 0.1 Axes
 + Level 0.1 Maces & Flails
 + Level 0.1 Polearms
 + Level 0.1 Staves
 + Level 0.1 Slings
 + Level 0.1 Bows
 + Level 0.1 Crossbows
 + Level 0.1 Throwing
 + Level 0.1 Armour
 + Level 4.4 Dodging
 + Level 0.1 Stealth
 + Level 0.1 Shields
 + Level 6.4 Unarmed Combat
 + Level 4.9 Spellcasting
 + Level 0.1 Conjurations
 + Level 0.1 Hexes
 + Level 0.1 Summonings
 + Level 0.1 Necromancy
 + Level 0.1 Translocations
 + Level 3.6 Transmutations
 + Level 0.1 Fire Magic
 + Level 0.1 Ice Magic
 + Level 0.1 Air Magic
 + Level 0.1 Earth Magic
 + Level 0.1 Poison Magic
 + Level 0.2 Invocations
 + Level 0.1 Evocations


You had 8 spell levels left.
You knew the following spells:

 Your Spells              Type           Power      Damage    Failure   Level
a - Beastly Appendage     Tmut           22%        N/A       6%          1

Your spell library contained the following spells:

 Spells                   Type           Power      Damage    Failure   Level
 Wereblood                Tmut           11%        N/A       10%         2
 Spider Form              Tmut/Pois      7%         N/A       36%         3
 Ice Form                 Ice/Tmut       7%         N/A       78%         4


Dungeon Overview and Level Annotations

Branches:
Dungeon (1/15)

Altars:

Shops:
D:1 (


Innate Abilities, Weirdness & Mutations

You have temporarily grown beastly horns and talons.
You have very sharp teeth.
Your uncanny sense of smell can sniff out nearby items.
Your experience applies equally to all skills.


Message History

A ball python comes into view.
Found a dagger.
Found a faded altar of an unknown god.
The kobold shouts!
The ball python hisses angrily.
The kobold hits you but does no damage.
You are poisoned.
You closely miss the kobold. You punch the kobold.
The kobold is moderately wounded.
You feel sick. The kobold closely misses you.
You feel sick.
Items here: ) †.
The kobold attacks as you move away!
The kobold hits you with a +2 dagger of venom.
You are lethally poisoned!
You feel sick.
Really quaff the potion of lignification?
Okay, then.
Casting: Beastly Appendage (safe; 6% risk of failure)
Confirm with . or Enter, or press ? or * to list all spells.
You grow a pair of large bovine horns.
Your feet morph into talons.
You feel sick. The kobold barely misses you.
You hit the kobold.
You kill the kobold!
You feel sick.
You barely miss the ball python.
Your transformation is almost over.
* * * LOW HITPOINT WARNING * * *
You feel sick. The ball python barely misses you.
The ball python completely misses you.
You hit the ball python but do no damage.
Your kick misses the ball python. You headbutt the ball python.
The ball python is moderately wounded.
* * * LOW HITPOINT WARNING * * *
You feel sick.
The ball python bites you but does no damage.
The ball python grabs you. The ball python constricts you.
You closely miss the ball python. Your headbutt misses the ball python.
The ball python is moderately wounded.
* * * LOW HITPOINT WARNING * * *
You feel sick. The ball python bites you.
You die...

#.........#.#
#.#.........#
#...#.#...#.#
####...≈....#
#..≈.≈...#
#.≈...≈.##
#≈..∩..≈##
#.≈...≈..### .
#..≈.≈...@.# ._.
#...≈...##S###.....
#..##.####.........
....
#.......#####..
###.# ######### ..
##


You could see a ball python.

Vanquished Creatures
  A goblin (D:1)
  A ball python (D:1)
  2 bats (D:1)
  2 kobolds (D:1)
  A rat (D:1)
7 creatures vanquished.

Notes
Turn   | Place    | Note
-------+----------+-------------------------------------------
     0 | D:1      | jejorda2 the Gnoll Transmuter began the quest for the Orb.
     0 | D:1      | Reached XP level 1. HP: 17/17 MP: 6/6
    73 | D:1      | Found Podolief's Weapon Shop.
    90 | D:1      | Found a faded altar of an unknown god.
    98 | D:1      | Slain by a ball python

Illustrated notes

Levels and vault maps discovered:
D:1:      minmay_arrival_four_houses, layout_loops_ring, serial_shops,
          nicolae_diamond_shop, ebering_ecumenical_altar_sacrificial

Action                   || total
-------------------------++-------
Melee: Unarmed           ||    18
       Kick              ||     4
       Headbutt          ||     3
       Punch             ||     1
 Cast: Beastly Appendage ||     3
Armor: Robe              ||     2
       Leather armour    ||     2
Dodge: Dodged            ||    15

Table legend: (Time is in decaauts)
 A = Elapsed time spent in this place.
 B = Non-inter-level travel time spent in this place.
 C = Inter-level travel time spent in this place.
 D = Time resting spent in this place.
 E = Time spent auto-exploring this place.
 F = Levels seen in this place.
 G = Mean time per level.
                   A        B        C        D        E       F      G
               +--------+--------+--------+--------+--------+-----+--------+
         Total |     95 |     95 |      0 |      0 |     38 |   1 |   95.0 |
       Dungeon |     95 |     95 |      0 |      0 |     38 |   1 |   95.0 |
               +--------+--------+--------+--------+--------+-----+--------+

Top non-repeatable levels by time:
     D:1: 95 daAuts
